 Dungeon Crawl Stone Soup version 0.30.0-20-g3b4254fcbd (webtiles) character file.

Game seed: 10054313027456937261

74 Groucho the Vexing (level 4, -1/33 HPs)
             Began as a Formicid Hexslinger on June 2, 2023.
             Slain by a cerulean imp
             ... wielding a +2 spear
             ... summoned by Natasha
              (7 damage)
             ... on level 2 of the Dungeon.
             The game lasted 00:02:54 (1406 turns).

Groucho the Vexing (Formicid Hexslinger)            Turns: 1406, Time: 00:02:55

Health: -1/33      AC:  2    Str: 15    XL:     4   Next: 52%
Magic:  6/6        EV: 12    Int: 14    God:
Gold:   83         SH:  0    Dex: 14    Spells: 2/6 levels left

rFire   . . .        a - +1 sling
rCold   . . .        (no shield)
rNeg    . . .        c - +0 robe
rPois   .            (helmet unavailable)
rElec   .            (no cloak)
rCorr   .            (no gloves)
SInv    +            (no boots)
Will    .....        (no amulet)
Stlth   +            (no ring)
HPRegen 0.25/turn    (no ring)
MPRegen 0.10/turn

%: no passive effects
@: no status effects
A: permanent stasis, dig shafts and tunnels, antennae 3, four strong arms
a: Dig, Shaft Self


You were on level 2 of the Dungeon.
You visited 1 branch of the dungeon, and saw 2 of its levels.

You collected 83 gold pieces.

Inventory:

Hand Weapons
 a - a +1 sling (weapon)
Armour
 c - a +0 robe (worn)
Scrolls
 b - 2 scrolls of poison
 d - 4 scrolls of identify {unknown}
 e - a scroll of blinking {unknown}
 f - a scroll of acquirement {unknown}
 g - a scroll of teleportation {unknown}
 l - a scroll of fear {unknown}
Potions
 i - a potion of brilliance {unknown}
 j - a potion of magic {unknown}
 k - a potion of curing {unknown}


   Skills:
 + Level 2.1 Fighting
 + Level 2.5 Ranged Weapons
 + Level 0.7 Armour
 + Level 2.3 Dodging
 + Level 1.8 Spellcasting
 + Level 4.1 Hexes


You had 2 spell levels left.
You knew the following spells:

 Your Spells              Type           Power      Damage    Failure   Level
a - Slow                  Hex            52%        N/A       4%          1
b - Inner Flame           Hex/Fire       7%         N/A       30%         3

Your spell library contained the following spells:

 Spells                   Type           Power      Damage    Failure   Level
 Beastly Appendage        Tmut           2%         N/A       24%         1
 Wereblood                Tmut           1%         N/A       36%         2
 Portal Projectile        Hex/Tloc       14%        N/A       30%         3
 Cause Fear               Hex            6%         N/A       41%         4
 Spider Form              Tmut/Pois      1%         N/A       58%         3


Dungeon Overview and Level Annotations

Branches:
Dungeon (2/15)

Altars:

Annotations:
D:2 Natasha


Innate Abilities, Weirdness & Mutations

You cannot be hasted, slowed, berserked, paralysed or teleported.
You can dig through walls and to a lower floor.
You have a pair of large antennae on your head. (SInv)
Your four strong arms can wield two-handed weapons with a shield.


Message History

The cerulean imp is moderately wounded.
The cerulean imp closely misses you.
You shoot a sling bullet. The sling bullet hits the cerulean imp.
The cerulean imp is severely wounded.
The cerulean imp misses you.
The cerulean imp hits you but does no damage.
You shoot a sling bullet. The sling bullet hits Natasha.
Natasha is moderately wounded.
Natasha barely misses you. The cerulean imp misses you. Natasha misses you.
You shoot a sling bullet.
The sling bullet closely misses Natasha.
The cerulean imp hits you but does no damage.
Natasha casts a spell.
You shoot a sling bullet. The sling bullet hits Natasha.
Natasha is heavily wounded.
The cerulean imp hits you but does no damage.
Natasha claws you. The cerulean imp misses you.
You shoot a sling bullet.
The sling bullet closely misses Natasha.
The sling bullet misses the cerulean imp.
Natasha growls.
Natasha casts a spell.
The cerulean imp closely misses you. The cerulean imp barely misses you.
Natasha claws you.
Unknown command.
Fire: a) +1 sling
Press: ? - help, Q - select action, (/) - cycle Shift-Dir - straight line, f/p - Natasha
Aim: Natasha (heavily wounded, 51% to hit)
You shoot a sling bullet. The sling bullet hits Natasha.
Natasha is almost dead.
The cerulean imp hits you from afar with a +1 spear.
The cerulean imp closely misses you. Natasha closely misses you.
The cerulean imp hits you from afar with a +1 spear.
* * * LOW HITPOINT WARNING * * *
Unknown command.
Unknown command.
It was a potion of cancellation.
You feel magically purged. The cerulean imp barely misses you.
The cerulean imp hits you from afar with a +2 spear!
You die...

##..###.#.# #... ##...#
#.#.# .#... #....# #†#.#
.....# ##..####.#.#
......# ##........#.#
....... ##..######.#.#
...†#.! #...# #.#.#
..##.5.## ##..######.#.#
.....5h@###..........#.#
#.###5...#...#########.#
#...###..####### #.#
#....#.........# #<#
#........#####.# #.#
#.####.#.# #.# #.# ###
#. #...# #.# #.# #...
... ....#####.###.#
####.#.###.#
####...........#


You could see Natasha and 3 cerulean imps.

Vanquished Creatures
  3 adders (D:2)
  3 dart slugs
  6 endoplasms
  2 giant cockroaches
  3 goblins
  3 hobgoblins
  3 kobolds
  3 quokkas
  5 ball pythons
  4 bats
  2 frilled lizards (D:1)
  4 rats
41 creatures vanquished.

Notes
Turn   | Place    | Note
-------+----------+-------------------------------------------
     0 | D:1      | Groucho the Formicid Hexslinger began the quest for the
                  | Orb.
     0 | D:1      | Reached XP level 1. HP: 15/15 MP: 2/2
    20 | D:1      | Found a faded altar of an unknown god.
   272 | D:1      | Reached XP level 2. HP: 21/21 MP: 3/3
   419 | D:1      | Reached XP level 3. HP: 26/26 MP: 5/5
   498 | D:1      | Learned a level 3 spell: Inner Flame
   540 | D:1      | Reached skill level 4 in Hexes
   785 | D:2      | Reached XP level 4. HP: 21/33 MP: 6/6
  1393 | D:2      | Noticed Natasha
  1406 | D:2      | Slain by a cerulean imp

Illustrated notes

Levels and vault maps discovered:
D:1:      elethiomel_arrival_shortcut, layout_rooms,
          ebering_ecumenical_altar_rust
D:2:      layout_loops_ring, nicolae_figureground_pulse, uniq_natasha

Skill      XL: |  1  2  3 |
---------------+----------+-----
Dodging        | 2 |  2.3
Hexes          | 4 |  4.1
Fighting       | 2 |  2.1
Ranged Weapons | |  2.5
Armour         | |  0.7
Spellcasting   | |  1.8

Action                     |  1- 3 |  4- 6 || total
---------------------------+-------+-------++-------
   Fire: Sling             |   101 |    46 ||   147
   Cast: Slow              |     1 |     2 ||     3
    Use: Potion            |       |     1 ||     1
 Armour: Robe              |     7 |     5 ||    12
  Dodge: Dodged            |    46 |    18 ||    64
